Map: Thunderbird LE

Players

riddle (THERIDDLER)

  • Race: Terran Terran
  • Spawn Location: 11:00

TSGNice (Nice) - Winner!

  • Race: Protoss Protoss
  • Spawn Location: 5:00

Event: NationWars 2019

VOD

Have the link to the VOD?

Description

Time

  • Played on: Nov. 16, 2019, 11:30 a.m.
  • Length: 4:56
Show
View Real Time Build Order
Export as new Build Order

riddle Terran 

Build Orders:  

Get SALT Encoding   

  12  0:00  SCV  
  13  0:13  SCV  
  14  0:18  Supply Depot  
  14  0:25  SCV  
  15  0:40  SCV  
  15  0:41  Barracks  
  16  0:52  SCV  
  16  0:53  Refinery  
  18  1:04  SCV  
  18  1:16  SCV  
  19  1:29  Orbital Command, Marine  
  20  1:39  Command Center  
  20  1:49  Barracks Reactor  
  20  1:52  Supply Depot  
  20  1:55  SCV  
  21  2:07  SCV  
  22  2:08  Refinery  
  22  2:19  SCV, Factory  
  23  2:25  Marine x2  
  25  2:31  SCV  
  26  2:43  SCV, Marine x2  
  29  2:55  SCV  
  29  2:57  Orbital Command  
  30  3:08  SCV, Starport  
  30  3:11  Barracks Tech Lab  
  30  3:19  Widow Mine x2  
  34  3:20  SCV  
  33  3:27  SCV  
  33  3:30  Marine  
  33  3:32  SCV  
  36  3:39  SCV  
  41  3:41  Widow Mine x2  
  41  3:44  SCV  
  41  3:51  SCV  
  41  3:56  SCV  
  41  3:57  Medivac  
  44  4:03  SCV  
  44  4:08  SCV  
  46  4:20  SCV  
  46  4:22  Command Center  
  46  4:27  Supply Depot  
  46  4:29  SCV, Marine x2  
  49  4:33  SCV  
  52  4:40  Bunker  
  52  4:42  SCV  
Show
View Real Time Build Order
Export as new Build Order

TSGNice Protoss - Winner!

Build Orders: 1 Gate Expand 

Get SALT Encoding   

  12  0:01  Probe  
  13  0:13  Probe  
  14  0:20  Pylon  
  14  0:25  Probe (Chrono Boost)  
  15  0:38  Gateway  
  15  0:39  Probe (Chrono Boost)  
  16  0:46  Probe (Chrono Boost)  
  16  0:47  Assimilator  
  17  0:53  Probe  
  18  1:05  Probe  
  19  1:17  Probe  
  20  1:25  Cybernetics Core  
  20  1:36  Nexus  
  20  1:40  Pylon  
  20  1:46  Assimilator  
  20  1:47  Probe  
  21  1:59  Adept (Chrono Boost), Probe  
  22  2:03  Warp Gate  
  24  2:11  Probe  
  25  2:19  Adept (Chrono Boost)  
  27  2:24  Probe  
  27  2:29  Robotics Facility  
  28  2:37  Probe  
  29  2:41  Adept (Chrono Boost)  
  31  2:49  Probe  
  31  2:50  Probe  
  33  3:01  Probe  
  33  3:02  Probe  
  35  3:13  Probe  
  35  3:16  Gateway  
  35  3:19  Gateway  
  36  3:23  Warp Prism (Chrono Boost)  
  38  3:28  Probe x2  
  38  3:32  Pylon  
  40  3:40  Probe  
  39  3:52  Probe  
  39  3:53  Probe  
  39  3:55  Observer (Chrono Boost)  
  42  4:04  Probe  
  42  4:05  Probe  
  42  4:12  Stalker x2  
  42  4:15  Immortal (Chrono Boost)  
  42  4:16  Stalker, Probe  
  49  4:19  Pylon  
  53  4:31  Pylon  
  54  4:32  Pylon, Twilight Council  
  54  4:37  Stalker x2  
  57  4:42  Stalker  
Tags
 
Add a new tag
Caveats
  • Supply blocks, unpowered buildings, or Contaminate may cause inaccurate times.
  • Supply counts are checked every 10 seconds.